 Dungeon Crawl Stone Soup version 0.23.0-38-g208d714 (webtiles) character file.

Game seed: 14363890592164209226

2673 Borgoz the Skirmisher (level 9, -6/59 HPs)
             Began as a Gargoyle Abyssal Knight on Feb 27, 2019.
             Was an Elder of Lugonu.
             Mangled by a purple ugly thing (10 damage)
             ... while paralysed
             ... on level 7 of the Dungeon.
             The game lasted 00:10:12 (5665 turns).

Borgoz the Skirmisher (Gargoyle Abyssal Knight)     Turns: 5665, Time: 00:10:13

Health: -6/59      AC: 25    Str: 17    XL:     9   Next: 63%
Magic:  12/12      EV:  2    Int: 12    God:    Lugonu [****..]
Gold:   443        SH:  0    Dex: 20    Spells: 8/8 levels left

rFire    x . .     SeeInvis .   B - +7 mace of Stickiness {elec, rF- Dex+8}
rCold    . . .     Gourm    .   (no shield)
rNeg     + . .     Faith    .   l - +0 chain mail (curse)
rPois    ∞         Spirit   .   w - +1 hat
rElec    +         Reflect  .   D - +1 cloak {MR+}
rCorr    .         Harm     .   h - +0 pair of gloves
MR       ++...     Rnd*Tele +   a - +2 pair of boots
Stlth    ..........             (no amulet)
HPRegen  0.19/turn              e - ring of protection from magic
MPRegen  0.13/turn              J - ring of teleportation (curse)

@: paralysed, berserk cooldown, slowed
A: negative energy resistance 1, electricity resistance, unbreathing,
petrification resistance, rot immunity, AC +6
a: Depart the Abyss, Bend Space, Banish, Corrupt, Renounce Religion


You were on level 7 of the Dungeon.
You worshipped Lugonu.
Lugonu was greatly pleased with you.
You were not hungry.

You visited 2 branches of the dungeon, and saw 8 of its levels.
You visited the Abyss 1 time.

You collected 443 gold pieces.

Inventory:

Hand Weapons
 B - the +7 mace of Stickiness (weapon) {elec, rF- Dex+8}
   (You found it on level 4 of the Dungeon)

   Occasionally, upon striking a foe, it will discharge some electrical energy
   and cause terrible harm.
   It affects your dexterity (+8).
   It makes you vulnerable to fire.
 C - a +4 quarterstaff of chaos
 H - a +3 broad axe
Missiles
 b - 5 tomahawks (quivered)
Armour
 a - a +2 pair of boots (worn)
 h - a +0 pair of gloves (worn)
 l - a cursed +0 chain mail (worn)
 w - a +1 hat (worn)
 D - a +1 cloak of magic resistance (worn)
Jewellery
 e - a ring of protection from magic (left hand)
 j - an uncursed ring of fire
 n - an uncursed ring of flight
 J - a cursed ring of teleportation (right hand)
Wands
 y - a wand of flame (14)
 E - a wand of paralysis (5)
Scrolls
 d - 2 scrolls of blinking
 r - a scroll of immolation {unknown}
 t - 3 scrolls of teleportation {unknown}
 z - a scroll of magic mapping
 A - 2 scrolls of enchant weapon {unknown}
 F - 5 scrolls of remove curse {unknown}
 G - a scroll of amnesia {unknown}
 I - a scroll of fog
Potions
 f - a potion of flight {unknown}
 g - 2 potions of curing
 i - 2 potions of degeneration {unknown}
 k - 4 potions of brilliance
 m - a potion of agility {unknown}
 o - 2 potions of invisibility {unknown}
 p - 2 potions of haste {unknown}
 q - a potion of berserk rage
 s - 3 potions of might
 u - a potion of ambrosia {unknown}
 v - 2 potions of mutation
 x - 2 potions of heal wounds
Comestibles
 c - 9 rations


   Skills:
 + Level 7.8 Fighting
 + Level 6.4 Axes
 + Level 7.8 Armour
 + Level 2.8 Dodging
 - Level 0.2 Stealth
 * Level 5.0 Invocations


You had 8 spell levels left.
You didn't know any spells.
Your spell library was empty.

Dungeon Overview and Level Annotations

Branches:
Dungeon (7/15)             Temple (1/1) D:4

Altars:
Ashenzari
Cheibriados
Dithmenos
Elyvilon
Fedhas
Gozag
Hepliaklqana
Kikubaaqudgha
Makhleb
Nemelex Xobeh
Okawaru
Qazlal
Ru
Sif Muna
Trog
Uskayaw
Vehumet
Wu Jian
Xom
Yredelemnul
Zin
The Shining One
Beogh

Shops:
D:6 ?[


Innate Abilities, Weirdness & Mutations

You are resistant to torment.
Your stone body is resilient. (AC +6)
You are immune to poison.
You resist negative energy. (rN+)
You are resistant to electric shocks. (rElec)
You can survive without breathing.
You are immune to petrification.
You are immune to rotting.


Message History

The purple ugly thing is heavily wounded.
The purple ugly thing bites you!
* * * LOW HITPOINT WARNING * * *
You hit the purple ugly thing.
The purple ugly thing is heavily wounded.
The purple ugly thing barely misses you.
You closely miss the purple ugly thing.
The purple ugly thing is heavily wounded.
The purple ugly thing bites you but does no damage.
You barely miss the purple ugly thing.
The purple ugly thing is heavily wounded.
Your chain mail prevents you from hitting the purple ugly thing.
The purple ugly thing is heavily wounded.
The purple ugly thing bites you but does no damage.
You closely miss the purple ugly thing.
The purple ugly thing is heavily wounded.
You are no longer berserk.
You pass out from exhaustion.
You feel yourself slow down. The purple ugly thing bites you!
You die...

### ..# ####..#
###...# #.....#
##.#####.#..u#
.(......5####..#
# ##.#####u#
.#.# #@# ###.#
###'#####...# #.
#.........#
##...
#.....†#..##...#
#......#........
#......#....####
#......##.#.#
#########.#.#
#.# #


You could see a purple ugly thing and a quasit.

Vanquished Creatures
  An unseen horror (D:7)
  Grinder (D:5)
  A yak (D:7)
  An orc warrior (D:6)
  A sky beast (D:7)
  2 ogres (D:5)
  3 bullfrogs (D:6)
  3 scorpions (D:6)
  A howler monkey (D:6)
  3 wights (D:6)
  2 crimson imps
  A quasit (D:6)
  2 hounds
  2 jellies
  A bullfrog zombie (D:5)
  Crazy Yiuf (D:4)
  4 orc priests
  3 orc wizards
  9 worker ants
  7 gnolls
  8 adders
  A shadow imp (D:6)
  2 adder skeletons (D:5)
  An adder zombie (D:5)
  2 dart slugs (D:1)
  A worm (D:2)
  4 leopard geckos
  14 orcs
  6 bats
  7 giant cockroaches
  6 goblins
  12 hobgoblins
  5 jackals
  10 kobolds
  3 quokkas
  6 ball pythons
  6 frilled lizards
  A giant cockroach zombie (D:5)
  A quokka skeleton (D:7)
  10 rats
155 creatures vanquished.

Notes
Turn   | Place    | Note
-------+----------+-------------------------------------------
     0 | Abyss:1  | Borgoz the Gargoyle Abyssal Knight began the quest for the
                  | Orb.
     0 | Abyss:1  | Reached XP level 1. HP: 14/14 MP: 2/2
    27 | Abyss:1  | Noticed a wight
    29 | D:1      | Escaped the Abyss
   114 | D:1      | Reached XP level 2. HP: 17/19 MP: 3/3
   142 | D:1      | Reached * piety under Lugonu
   648 | D:1      | Reached skill level 1 in Dodging
   648 | D:1      | Reached XP level 3. HP: 23/24 MP: 4/4
   801 | D:2      | Found an ornate altar of the Wu Jian Council.
  1333 | D:2      | Found a faded altar of an unknown god.
  1401 | D:2      | Reached XP level 4. HP: 23/29 MP: 5/5
  1570 | D:2      | Reached ** piety under Lugonu
  2131 | D:3      | Reached XP level 5. HP: 32/34 MP: 6/6
  2184 | D:3      | Found a shadowy altar of Dithmenos.
  2279 | D:3      | Found a roughly hewn altar of Beogh.
  2825 | D:3      | Reached XP level 6. HP: 39/39 MP: 7/7
  3000 | D:3      | Found a snail-covered altar of Cheibriados.
  3000 | D:3      | Found an iron altar of Okawaru.
  3005 | D:3      | Found a faded altar of an unknown god.
  3007 | D:3      | Found an ancient bone altar of Kikubaaqudgha.
  3009 | D:3      | Found a radiant altar of Vehumet.
  3317 | D:4      | Reached *** piety under Lugonu
  3440 | D:4      | Found a staircase to the Ecumenical Temple.
  3693 | D:4      | Found a runed translucent door.
  3694 | D:4      | Noticed Crazy Yiuf
  3695 | D:4      | Got a translucent mace
  3696 | D:4      | Identified the +7 mace of Stickiness {elec, rF- Dex+8} (You
                  | found it on level 4 of the Dungeon)
  3705 | D:4      | Killed Crazy Yiuf
  3782 | Temple   | Entered the Ecumenical Temple
  3959 | D:5      | Entered Level 5 of the Dungeon
  3972 | D:5      | Found a hide-covered altar of Uskayaw.
  4034 | D:5      | Reached XP level 7. HP: 39/44 MP: 8/8
  4081 | D:5      | Found a shattered altar of Ashenzari.
  4200 | D:5      | Reached skill level 5 in Axes
  4314 | D:5      | Reached skill level 5 in Fighting
  4314 | D:5      | Reached skill level 5 in Armour
  4360 | D:5      | Noticed Grinder
  4380 | D:5      | Killed Grinder
  4380 | D:5      | Reached XP level 8. HP: 27/50 MP: 9/9
  4860 | D:6      | Found Biphegg's Armour Shop.
  4955 | D:6      | Found a white marble altar of Elyvilon.
  5129 | D:6      | Reached XP level 9. HP: 52/56 MP: 11/11
  5176 | D:6      | Reached **** piety under Lugonu
  5212 | D:6      | Found Foesulet's Magic Scroll Emporium.
  5494 | D:6      | Found a hazy altar of Hepliaklqana.
  5624 | D:7      | Noticed a purple ugly thing
  5654 | D:7      | Killed an unseen horror
  5658 | D:7      | Reached skill level 5 in Invocations
  5665 | D:7      | Mangled by a purple ugly thing

Skill      XL: |  1  2  3  4  5  6  7  8  9 |
---------------+----------------------------+-----
Axes           | 2 3 4 5 6 |  6.4
Dodging        | 1 2 |  2.8
Fighting       | 4 5 6 7 |  7.8
Armour         | 3 4 5 6 7 |  7.8
Invocations    | 3 5 |  5.0
Stealth        | |  0.2

Action                   |  1- 3 |  4- 6 |  7- 9 || total
-------------------------+-------+-------+-------++-------
Melee: Hand axe          |   128 |   197 |       ||   325
       Mace              |       |    13 |   211 ||   224
Invok: Depart the Abyss  |     1 |       |       ||     1
  Use: Scroll            |       |     7 |     5 ||    12
       Potion            |       |     1 |     1 ||     2
  Eat: Chunk             |     2 |     8 |     6 ||    16
Armor: Leather armour    |    10 |       |       ||    10
       Chain mail        |    80 |   196 |   184 ||   460
Dodge: Dodged            |    60 |   108 |    93 ||   261
